Map: Incorporeal LE

Players

Imperius - Winner!

  • Race: Terran Terran
  • Spawn Location: 5:00

VOD

Have the link to the VOD?

Description

Time

  • Played on: April 29, 2025, 2:19 a.m.
  • Length: 25:47
Show
View Real Time Build Order
Export as new Build Order

Imperius Terran - Winner!

Build Orders:  

Get SALT Encoding   

  12  0:04  SCV  
  13  0:29  SCV  
  14  0:31  Supply Depot  
  14  0:42  Refinery  
  14  0:46  SCV  
  15  1:03  SCV  
  15  1:08  Barracks  
  16  1:24  SCV  
  17  1:41  SCV  
  17  1:43  Refinery  
  18  1:58  SCV  
  19  2:15  Supply Depot  
  19  2:17  Barracks Tech Lab  
  19  2:23  Orbital Command  
  19  2:56  Stimpack  
  19  2:59  Factory  
  18  3:11  SCV  
  19  3:28  SCV  
  20  3:30  Marine  
  21  3:45  SCV  
  22  3:55  Marine  
  23  4:02  SCV  
  24  4:19  SCV  
  25  4:20  Marine  
  25  4:29  Barracks  
  27  4:45  SCV, Marine  
  32  5:10  Marine  
  29  5:31  Supply Depot  
  29  5:34  Marine  
  30  5:42  Barracks  
  30  5:46  Barracks Reactor  
  30  5:59  Marine  
  31  6:10  SCV  
  32  6:24  Marine  
  33  6:30  Starport  
  33  6:43  Supply Depot  
  33  6:49  Marine  
  34  6:56  Command Center  
  34  6:59  Barracks Reactor  
  34  7:08  Unknown  
  34  7:14  Marine  
  35  7:20  Factory Tech Lab  
  35  7:39  Marine  
  36  7:50  Factory  
  36  8:16  Refinery  
  31  8:26  Marine  
  26  8:30  Marine x4  
  29  8:51  Marine  
  29  8:55  Marine x4  
  33  9:16  Marine  
  33  9:20  Marine x4  
  30  9:41  Marine  
  30  9:42  Medivac  
  30  9:44  Marine  
  30  9:45  Marine x3  
  35  10:06  Marine  
  35  10:09  Marine  
  37  10:10  Marine x3  
  37  10:13  Siege Tank  
  43  10:24  Medivac  
  45  10:30  Marine  
  45  10:34  Marine  
  47  11:19  Factory Tech Lab  
  47  11:38  Supply Depot  
  47  12:08  Marine x5, Siege Tank  
  47  12:09  Supply Depot  
  55  12:10  Supply Depot  
  55  12:39  Medivac, Marine x5  
  62  12:56  Supply Depot  
  62  13:04  Marine x5  
  67  13:21  Medivac  
  67  13:29  Marine x5  
  74  13:50  Command Center  
  74  13:54  Marine  
  75  14:03  Medivac  
  75  14:09  Supply Depot  
  68  14:44  Marine x4  
  68  14:45  Medivac, Marine  
  75  15:05  Supply Depot  
  75  15:09  Marine  
  76  15:26  Medivac  
  78  15:37  Marine x3  
  78  15:38  Marine x2  
  83  15:55  Siege Tank  
  70  19:23  Marine x2  
  70  19:24  Marine x3  
  75  19:48  Marine x3  
  75  19:49  Marine x2  
  72  20:13  Marine x3  
  72  20:14  Marine x2  
  77  20:38  Marine x2  
  67  21:27  Medivac  
  69  21:33  Siege Tank  
  71  22:09  Medivac  
  73  22:18  Siege Tank  
  76  22:51  Medivac  
  78  23:03  Siege Tank  
  81  23:33  Medivac  
  83  23:48  Siege Tank  
  86  24:33  Siege Tank  
Tags
 
Add a new tag
Caveats
  • Supply blocks, unpowered buildings, or Contaminate may cause inaccurate times.
  • Supply counts are checked every 10 seconds.